 Dungeon Sprint DCSS version 0.26-a0-649-gf8c6c3aab7 (webtiles) character file.

Game seed: 13460728095850140137

263 Conn the Thaumaturge (level 6, 0/36 HPs)
             Began as an Octopode Hedge Wizard on Sept 27, 2020.
             Was an Initiate of Sif Muna.
             Slain by a yak (2 damage)
             ... in the Dungeon (Sprint I: "Red Sonja").
             The game lasted 00:04:57 (562 turns).

Conn the Thaumaturge (Octopode Hedge Wizard)         Turns: 562, Time: 00:04:58

Health: 0/36       AC:  1    Str:  9    XL:     6   Next: 19%
Magic:  2/17       EV: 14    Int: 19    God:    Sif Muna [......]
Gold:   297        SH:  0    Dex: 11    Spells: 8/21 levels left

rFire    . . .     SeeInvis .   a - +0 dagger
rCold    . . .     Faith    .   (no shield)
rNeg     . . .     Spirit   .   b - +0 hat
rPois    .         Reflect  .   (no amulet)
rElec    .         Harm     .   (no ring)
rCorr    .         Rampage  .   (no ring)
MR       .....     NoTele   +   (no ring)
Stlth    ++++......             (no ring)
HPRegen  0.12/turn              (no ring)
MPRegen  0.15/turn              (no ring)
                                (no ring)
                                (no ring)

@: no status effects
A: almost no armour, stealthy swim, amphibious, 8 rings, constrict 8, camouflage
1, gelatinous body 1
a: Renounce Religion


You were in the Dungeon.
You worshipped Sif Muna.
Sif Muna was noncommittal.
You visited 1 branch You collected 297 gold pieces.

Inventory:

Hand Weapons
 a - a +0 dagger (weapon)
Armour
 b - a +0 hat (worn)
Wands
 c - a wand of random effects (17)
 f - a wand of flame (18)
Scrolls
 i - a scroll of blinking
Potions
 d - a potion of curing
 e - a potion of heal wounds
 g - 2 potions of magic
 h - a potion of degeneration {unknown}
 j - 2 potions of berserk rage


   Skills:
 + Level 1.4 Short Blades
 + Level 3.8 Dodging
 + Level 4.5 Stealth
 * Level 8.1 Spellcasting
 * Level 3.4 Conjurations
 + Level 1.3 Summonings
 + Level 3.5 Translocations
 + Level 3.3 Fire Magic
 + Level 3.2 Air Magic
 - Level 4.0 Poison Magic
 + Level 0.6 Evocations


You had 8 spell levels left.
You knew the following spells:

 Your Spells              Type           Power        Failure   Level
a - Magic Dart            Conj           ###.         2%          1
b - Blink                 Tloc           N/A          3%          2
c - Call Imp              Summ           ##......     8%          2
d - Conjure Flame         Conj/Fire      ###.....     7%          3
e - Mephitic Cloud        Conj/Pois/Air  ###.....     6%          3
f - Slow                  Hex            #.......     14%         2

Your spell library contained the following spells:

 Spells                   Type           Power        Failure   Level


Dungeon Overview and Level Annotations

Branches:
Dungeon (1/1)

Altars:
Cheibriados
Dithmenos
Elyvilon
Fedhas
Gozag
Hepliaklqana
Kikubaaqudgha
Nemelex Xobeh
Okawaru
Qazlal
Ru
Sif Muna
Trog
Uskayaw
Vehumet
Wu Jian
Yredelemnul
Zin
The Shining One

Shops:
D [


Innate Abilities, Weirdness & Mutations

You cannot wear most types of armour.
You are very stealthy in the water. (Stealth+)
You are amphibious.
You can wear up to eight rings at the same time.
You can use your tentacles to constrict eight enemies at once.
Your skin changes colour to match your surroundings (Stealth+).
Your rubbery body absorbs attacks. (AC +1, EV +1)


Message History

There is an open door here.
The yak gores you!
There is a basalt altar of Yredelemnul here.
Casting: Magic Dart (safe; 2% risk of failure)
Confirm with . or Enter, or press ? or * to list all spells.
Aiming: Mephitic Cloud (dangerous; 6% risk of failure)
Press: ? - help, Shift-Dir - straight line, f/p - yak
Aim: a yak (severely wounded)
The ball explodes into a vile cloud!
The stinking cloud engulfs the yak but does no damage.
The yak is severely wounded.
The yak is engulfed in noxious fumes.
Casting: Mephitic Cloud (dangerous; 6% risk of failure)
Confirm with . or Enter, or press ? or * to list all spells.
You blink.
The yak gores you!
* * * LOW HITPOINT WARNING * * *
Casting: Blink (safe; 3% risk of failure)
Confirm with . or Enter, or press ? or * to list all spells.
You blink.
The yak gores you.
You die...

################
#<.#.['..#.)'..#
#..'..#..'..#..+
#..#####'#####'#
#).####..#...#!#
#..#__####..##[#
#..#_____##'#_.+
#⌠⌠#_○○☼..'○.._#
####@Y○○_##_.#'#
#_○§○_###+#.#
####### ###


You could see a yak.

Vanquished Creatures
  Sigmund (D)
  A jelly (D)
  Ijyb (D)
3 creatures vanquished.

Vanquished Creatures (collateral kills)
  An ogre (D)
1 creature vanquished.

Grand Total: 4 creatures vanquished

Notes
Turn   | Place    | Note
-------+----------+-------------------------------------------
     0 | D        | Conn the Octopode Hedge Wizard began the quest for the Orb.
     0 | D        | Reached XP level 1. HP: 11/11 MP: 4/4
     1 | D        | Noticed Ijyb
    10 | D        | Killed Ijyb
    10 | D        | Reached skill level 5 in Spellcasting
    10 | D        | Reached XP level 2. HP: 12/17 MP: 5/8
    10 | D        | Reached XP level 3. HP: 15/21 MP: 5/9
   153 | D        | Learned a level 2 spell: Blink
   156 | D        | Learned a level 2 spell: Call Imp
   160 | D        | Learned a level 3 spell: Conjure Flame
   164 | D        | Learned a level 3 spell: Mephitic Cloud
   164 | D        | Noticed an ogre
   180 | D        | Killed an ogre
   180 | D        | Reached skill level 6 in Spellcasting
   180 | D        | Reached skill level 1 in Fire Magic
   180 | D        | Reached skill level 1 in Air Magic
   180 | D        | Reached skill level 1 in Poison Magic
   180 | D        | Reached XP level 4. HP: 27/27 MP: 0/12
   285 | D        | Learned a level 2 spell: Slow
   286 | D        | Noticed Sigmund
   295 | D        | Killed Sigmund
   295 | D        | Reached skill level 1 in Short Blades
   295 | D        | Reached skill level 7 in Spellcasting
   295 | D        | Reached XP level 5. HP: 31/31 MP: 5/15
   295 | D        | Reached XP level 6. HP: 36/36 MP: 5/16
   379 | D        | Found an ornate altar of the Wu Jian Council.
   379 | D        | Found a shimmering blue altar of Sif Muna.
   381 | D        | Found a radiant altar of Vehumet.
   385 | D        | Became a worshipper of Sif Muna the Loreminder
   388 | D        | Reached skill level 8 in Spellcasting
   415 | D        | Found Turidgh's Antique Armour Emporium.
   415 | D        | Found an ancient bone altar of Kikubaaqudgha.
   415 | D        | Found a hazy altar of Hepliaklqana.
   415 | D        | Found a stormy altar of Qazlal.
   415 | D        | Found a hide-covered altar of Uskayaw.
   415 | D        | Found a blossoming altar of Fedhas.
   415 | D        | Found a bloodstained altar of Trog.
   415 | D        | Found an iron altar of Okawaru.
   415 | D        | Found a basalt altar of Yredelemnul.
   415 | D        | Found a glowing golden altar of the Shining One.
   415 | D        | Found a snail-covered altar of Cheibriados.
   415 | D        | Found a sacrificial altar of Ru.
   415 | D        | Found a glowing silver altar of Zin.
   415 | D        | Found a shadowy altar of Dithmenos.
   415 | D        | Found a white marble altar of Elyvilon.
   415 | D        | Noticed a yak
   421 | D        | Found an opulent altar of Gozag.
   422 | D        | Found a sparkling altar of Nemelex Xobeh.
   562 | D        | Slain by a yak

Illustrated notes

Levels and vault maps discovered:
D:        dungeon_sprint_1 [red_sonja_temple_1, red_sonja_temple_small_1]

Skill      XL: |  1  2  3  4  5  6 |
---------------+-------------------+-----
Stealth        | 3 4 |  4.5
Spellcasting   | 5 6 7 8 |  8.1
Dodging        | 3 |  3.8
Conjurations   | 2 3 |  3.4
Fire Magic     | 1 3 |  3.3
Air Magic      | 1 3 |  3.2
Poison Magic   | 1 3 4 |  4.0
Short Blades   | 1 |  1.4
Translocations | 3 |  3.5
Summonings     | |  1.3
Evocations     | |  0.6

Action                   |  1- 3 |  4- 6 || total
-------------------------+-------+-------++-------
Melee: Dagger            |     6 |    10 ||    16
       Tentacles         |     1 |     4 ||     5
       Constrict         |     1 |     1 ||     2
 Cast: Magic Dart        |     3 |     9 ||    12
       Call Imp          |     2 |       ||     2
       Blink             |     1 |     6 ||     7
       Mephitic Cloud    |       |     4 ||     4
       Conjure Flame     |       |     1 ||     1
Evoke: Wand              |     1 |       ||     1
  Use: Potion            |     2 |       ||     2
 Stab: Sleeping          |       |     1 ||     1
Armor: Skin              |     1 |       ||     1
Dodge: Dodged            |     2 |     5 ||     7

Table legend: (Time is in decaauts)
 A = Elapsed time spent in this place.
 B = Non-inter-level travel time spent in this place.
 C = Inter-level travel time spent in this place.
 D = Time resting spent in this place.
 E = Time spent auto-exploring this place.
 F = Levels seen in this place.
 G = Mean time per level.
                   A        B        C        D        E       F      G
               +--------+--------+--------+--------+--------+-----+--------+
         Total |    550 |    550 |      0 |    384 |      0 |   1 |  550.0 |
       Dungeon |    550 |    550 |      0 |    384 |      0 |   1 |  550.0 |
               +--------+--------+--------+--------+--------+-----+--------+

Top non-repeatable levels by time:
       D: 550 daAuts
